 Dungeon Crawl Stone Soup version 0.21-a0-265-gb353147 (console) character file.

52 removed the Stinger (level 3, 0/26 HPs)
             Began as a Demigod Venom Mage on Sept 10, 2017.
             Slain by a gnoll
             ... wielding a +0 spear
              (11 damage)
             ... on level 2 of the Dungeon.
             The game lasted 00:05:12 (2095 turns).

removed the Stinger (Demigod Venom Mage)            Turns: 2095, Time: 00:05:13

Health: 0/26       AC:  2    Str: 11    XL:     3   Next: 39%
Magic:  7/8        EV: 12    Int: 21    God:
Gold:   113        SH:  0    Dex: 16    Spells: 4/5 levels left

rFire    . . .     SeeInvis .   a - +2 dagger (venom)
rCold    . . .     Gourm    .   (no shield)
rNeg     . . .     Faith    .   f - +0 robe
rPois    .         Spirit   .   (no helmet)
rElec    .         Reflect  .   (no cloak)
rCorr    .         Harm     .   (no gloves)
MR       .....                  (no boots)
Stlth    ++........             (no amulet)
HPRegen  0.08/turn              (no ring)
MPRegen  0.11/turn              (no ring)

@: no status effects
A: high mp 1
a: no special abilities


You were on level 2 of the Dungeon.
You were not hungry.

You visited 1 branch of the dungeon, and saw 2 of its levels.

You collected 113 gold pieces.

Inventory:

Hand Weapons
 a - a +2 dagger of venom (weapon)
 n - a +0 dagger
Armour
 f - a +0 robe (worn)
Scrolls
 e - 2 scrolls of fear {unknown}
 i - a scroll of remove curse {unknown}
 m - a scroll of enchant weapon {unknown}
 s - a scroll of enchant armour {unknown}
 t - a scroll of magic mapping {unknown}
Potions
 g - a potion of invisibility
 h - 3 potions of might {unknown}
 j - a potion of curing {unknown}
 k - a potion of resistance {unknown}
Books
 b - a Young Poisoner's Handbook

   Spells                             Type                      Level
   a - Sting                          Conjuration/Poison           1
   b - Poisonous Vapours              Poison/Air                   2
   c - Mephitic Cloud                 Conjuration/Poison/Air       3
   d - Olgreb's Toxic Radiance        Poison                       4
   e - Venom Bolt                     Conjuration/Poison           5
Comestibles
 c - 3 bread rations
 p - 3 fruits
 q - 2 meat rations


   Skills:
 - Level 1.7 Dodging
 - Level 1.7 Stealth
 - Level 1.7 Spellcasting
 + Level 2.9 Conjurations
 + Level 3.0 Poison Magic


You had 4 spell levels left.
You knew the following spells:

 Your Spells              Type           Power        Failure   Level  Hunger
a - Sting                 Conj/Pois      ##..         4%          1    #......


Dungeon Overview and Level Annotations

Branches:
Dungeon (2/15)


Innate Abilities, Weirdness & Mutations

You have an increased reservoir of magic. (+10% MP)


Message History

Aim: a gnoll, wielding a flail of protection The sting hits the gnoll.
The gnoll appears unharmed.
The gnoll hits you from afar with a spear!
All of the chunks of flesh in your inventory have rotted away.
The gnoll throws a throwing net.
The throwing net barely misses you.
You see here a throwing net.
Press: ? - help, v - describe, . - travel
Here: a gnoll, wielding a flail of protection The floor.
Casting: Sting
Confirm with . or Enter, or press ? or * to list all spells.
Aiming: Sting
Press: ? - help, Shift-Dir - straight line, f/p - gnoll
Aim: a gnoll, wielding a flail of protection The sting hits the gnoll.
The gnoll appears unharmed.
The gnoll is severely wounded.
The gnoll hits you from afar with a spear!
There is a fountain of sparkling water here.
The gnoll hits you from afar with a spear!
You die...

(...g.......##......(÷)#
####..g........#.####)##
#.#####g..###.# #(#
#.##......###.# ##(##
#.##.##..g....# #.(.####
#.##>##.##.#### #.#....#
####.......##.g## #...##.#
...####.#####⌠.⌠#########.#
##.## #.# #.._.@<# #.#
....###.####.⌠.⌠..#
####.###
......#...........#
#......#
....#.#.#####.....#
#.##.#.# ##.##.#.# #.....#
#.#....# ...##.#.# #######
#......# #####.#.# #.#....#
#.#.## ######## #......#
#....# #......#######.###


You could see 3 gnolls.

Vanquished Creatures
  An ooze (D:1)
  2 leopard geckos (D:2)
  8 bats
  4 giant cockroaches
  6 goblins
  2 hobgoblins (D:1)
  2 jackals (D:1)
  A quokka (D:2)
  A ball python (D:1)
  5 frilled lizards
  5 kobolds
  4 rats
41 creatures vanquished.

Notes
Turn   | Place    | Note
-------+----------+-------------------------------------------
     0 | D:1      | removed the Demigod Venom Mage began the quest for the Orb.
     0 | D:1      | Reached XP level 1. HP: 14/14 MP: 5/5
    24 | D:1      | Reached skill level 1 in Conjurations
   366 | D:1      | Reached XP level 2. HP: 18/20 MP: 1/7
  1022 | D:1      | Reached XP level 3. HP: 25/26 MP: 2/8
  1924 | D:2      | Found a sparkling altar of Nemelex Xobeh.
  1970 | D:2      | Reached skill level 3 in Poison Magic
  2004 | D:2      | Found a shimmering altar of Xom.
  2095 | D:2      | Slain by a gnoll

Vault maps used:
D:1:      saegor_arrival_simple_e, solitary_fountain, nrook_mini_backslash,
          minmay_tetromino_i2
D:2:      nemelex_xobeh_ov_fountains_minmay, lemuel_crystal_altar,
          minmay_misc_feat_four_crosses

Skill      XL: |  1  2  3 |
---------------+----------+-----
Conjurations   | 2 |  2.9
Poison Magic   | 3 |  3.0
Dodging        | |  1.7
Stealth        | |  1.7
Spellcasting   | |  1.7

Action                   || total
-------------------------++-------
Melee: Dagger            ||    21
 Cast: Sting             ||    93
 Stab: Sleeping          ||     1
  Eat: Chunk             ||     5
Armor: Robe              ||    18
Dodge: Dodged            ||    33

Table legend:
 A = Spawn XP
 B = Non-spawn XP
 C = Spawn XP percentage of total XP
 D = Spawn monster count
 E = Non-spawn monster count
 F = Spawn count percentage of total count
 G = Total turns spent on level
                    A         B        C        D         E        F      G
               +---------+---------+-------+---------+---------+-------+---------
         Total |       0 |      75 |   0.0 |       0 |      41 |   0.0 |  2095
               +---------+---------+-------+---------+---------+-------+---------
           D:1 |       0 |      52 |   0.0 |       0 |      27 |   0.0 |  1488
           D:2 |       0 |      23 |   0.0 |       0 |      14 |   0.0 |   607
               +---------+---------+-------+---------+---------+-------+---------
